 Dungeon Sprint DCSS version 0.19-a0-1682-g5114f93 (webtiles) character file.

772 Saways the Bludgeoner (level 7, -13/79 HPs)
             Began as an Ogre Gladiator on Sept 24, 2016.
             Was a Believer of Okawaru.
             Shot with an arrow by a centaur warrior (18 damage)
             ... in the Dungeon (Sprint IX: "|||||||||||||||||||||||||||||").
             The game lasted 00:01:03 (578 turns).

Saways the Bludgeoner (Ogre Gladiator)               Turns: 578, Time: 00:01:04

Health: -13/79     AC:  6    Str: 24    XL:     7   Next: 83%
Magic:  9/11       EV: 13    Int:  7    God:    Okawaru [**....]
Gold:   0          SH:  0    Dex: 12    Spells: 0 memorised, 6 levels left

rFire  . . .     SeeInvis .     p - +2 dire flail (crush)
rCold  . . .     Gourm    .     b - +0 robe
rNeg   . . .     Faith    .     (shield currently unavailable)
rPois  .         Spirit   .     c - +0 hat
rElec  .         Dismiss  .     (no cloak)
rCorr  .         Reflect  .     (gloves unavailable)
MR     .....     Harm     .     (boots unavailable)
Stlth  +......... NoTele   +    (no amulet)
                                q - +3 ring of strength
                                r - +2 ring of protection

@: very slightly contaminated, invisible
A: unfitting armour, tough skin 1
a: Heroism, Renounce Religion


You were in the Dungeon.
You worshipped Okawaru.
Okawaru was pleased with you.
You were not hungry.

You visited 1 branch

Inventory:

Hand Weapons
 a - a +0 flail
 p - a +2 dire flail of crushing (weapon)
Missiles
 d - 3 throwing nets (quivered)
Armour
 b - a +0 robe (worn)
 c - a +0 hat (worn)
Jewellery
 q - a +3 ring of strength (right hand)
 r - a +2 ring of protection (left hand)
Wands
 o - a wand of acid (7/15)
Scrolls
 k - 2 scrolls of blinking
 m - 3 scrolls of remove curse
 n - 2 scrolls of amnesia
Potions
 g - 3 potions of heal wounds
 h - a potion of haste
 i - 4 potions of magic
 j - a potion of berserk rage
 l - 4 potions of curing
Comestibles
 f - a bread ration


   Skills:
 + Level 7.6 Fighting
 * Level 15.9 Maces & Flails
 - Level 2.0 Throwing
 + Level 7.2 Dodging
 * Level 6.2 Invocations


You had 6 spell levels left.
You didn't know any spells.

Dungeon Overview and Level Annotations

Branches:
Dungeon (1/1)

Altars:
Cheibriados
Dithmenos
Elyvilon
Fedhas
Gozag
Hepliaklqana
Kikubaaqudgha
Makhleb
Nemelex Xobeh
Okawaru
Qazlal
Ru
Sif Muna
Trog
Uskayaw
Vehumet
Xom
Yredelemnul
Zin
The Shining One
Beogh
Jiyva
Lugonu


Innate Abilities, Weirdness & Mutations

You are too large for most types of armour.
You have tough skin. (AC +1)


Message History

There is an open door, spattered with blood here.
Items here: (( )) †† The centaur warrior wields a shortbow.
The centaur warrior shoots an arrow.
The arrow hits the cyclops.
The cyclops throws a large rock.
The large rock hits you!
* * * LOW HITPOINT WARNING * * *
Things that are here:
a large rock; a stone You are too injured to fight recklessly!
You are too injured to fight recklessly!
You are too injured to fight recklessly!
The cyclops hits you!
* * * LOW HITPOINT WARNING * * *
You catch the helpless cyclops completely off-guard!
You sock the cyclops!
The cyclops is moderately wounded.
The centaur warrior shoots an arrow.
The arrow completely misses the cyclops.
The arrow hits you!!
You die... ▓▓▓▓▓▓▓▓▓▓▓▓▓▓▓▓▓▓▓▓▓▓ +.ccC@()...()÷)..[[[)| ▓▓▓▓▓▓▓▓▓▓▓▓▓▓▓▓▓▓▓▓▓▓

You could see a centaur warrior, a cyclops and a centaur.

Vanquished Creatures
  A komodo dragon (D)
  A hippogriff (D)
  An orc warrior (D)
  A big kobold (D)
  A wight (D)
  A hound (D)
  A jelly (D)
  An adder (D)
  An adder zombie (D)
  An adder skeleton (D)
  A bat skeleton (D)
  A giant cockroach (D)
  A goblin (D)
  A hobgoblin (D)
  A jackal (D)
  A quokka (D)
  A frilled lizard (D)
  A kobold (D)
18 creatures vanquished.

Vanquished Creatures (others)
  A centaur (D)
1 creature vanquished.

Grand Total: 19 creatures vanquished

Notes
Turn   | Place    | Note
-------+----------+-------------------------------------------
     0 | D        | Saways the Ogre Gladiator began the quest for the Orb.
     0 | D        | Reached XP level 1. HP: 22/22 MP: 1/1
    14 | D        | Reached skill level 5 in Maces & Flails
    60 | D        | Noticed a jelly
    63 | D        | Reached skill level 6 in Maces & Flails
    63 | D        | Reached XP level 2. HP: 26/31 MP: 2/2
    76 | D        | Reached skill level 8 in Maces & Flails
    76 | D        | Reached XP level 3. HP: 13/39 MP: 3/3
   212 | D        | Found a roughly hewn altar of Beogh.
   212 | D        | Found a snail-covered altar of Cheibriados.
   212 | D        | Found a shadowy altar of Dithmenos.
   212 | D        | Found a white marble altar of Elyvilon.
   212 | D        | Found a blossoming altar of Fedhas.
   212 | D        | Found an opulent altar of Gozag.
   213 | D        | Found a hazy altar of Hepliaklqana.
   214 | D        | Found a viscous altar of Jiyva.
   215 | D        | Found an ancient bone altar of Kikubaaqudgha.
   216 | D        | Found a corrupted altar of Lugonu.
   217 | D        | Found a burning altar of Makhleb.
   218 | D        | Found a sparkling altar of Nemelex Xobeh.
   219 | D        | Found an iron altar of Okawaru.
   220 | D        | Found a stormy altar of Qazlal.
   221 | D        | Found a sacrificial altar of Ru.
   222 | D        | Found a deep blue altar of Sif Muna.
   223 | D        | Found a bloodstained altar of Trog.
   224 | D        | Found a hide-covered altar of Uskayaw.
   225 | D        | Found a radiant altar of Vehumet.
   226 | D        | Found a shimmering altar of Xom.
   227 | D        | Became a worshipper of Warmaster Okawaru
   228 | D        | Found a basalt altar of Yredelemnul.
   229 | D        | Found a glowing silver altar of Zin.
   230 | D        | Found a glowing golden altar of the Shining One.
   281 | D        | Noticed an orc warrior
   281 | D        | Noticed a hippogriff
   287 | D        | Reached skill level 9 in Maces & Flails
   287 | D        | Reached skill level 1 in Invocations
   287 | D        | Reached XP level 4. HP: 47/49 MP: 3/5
   291 | D        | Killed a hippogriff
   291 | D        | Reached * piety under Okawaru
   291 | D        | Reached skill level 5 in Fighting
   291 | D        | Reached skill level 12 in Maces & Flails
   291 | D        | Reached skill level 5 in Dodging
   291 | D        | Reached XP level 5. HP: 35/59 MP: 3/8
   291 | D        | Reached XP level 6. HP: 40/67 MP: 3/9
   306 | D        | Killed an orc warrior
   306 | D        | Reached skill level 13 in Maces & Flails
   561 | D        | Noticed a centaur warrior
   561 | D        | Noticed a cyclops
   561 | D        | Noticed a komodo dragon
   570 | D        | Killed a komodo dragon
   570 | D        | Reached ** piety under Okawaru
   570 | D        | Reached skill level 15 in Maces & Flails
   570 | D        | Reached skill level 5 in Invocations
   570 | D        | Reached XP level 7. HP: 27/78 MP: 9/11
   578 | D        | Shot with an arrow by a centaur warrior

Vault maps used:
D:        linesprint

Skill      XL: |  1  2  3  4  5  6  7 |
---------------+----------------------+-----
Maces & Flails | 6 8 9 12 15 | 15.9
Dodging        | 3 4 5 6 7 |  7.2
Fighting       | 3 4 5 7 |  7.6
Invocations    | 1 4 5 6 |  6.2
Throwing       | |  2.0

Action                   |  1- 3 |  4- 6 |  7- 9 || total
-------------------------+-------+-------+-------++-------
Melee: Flail             |    29 |       |       ||    29
       Dire flail        |     6 |    29 |     5 ||    40
  Use: Potion            |     1 |     1 |       ||     2
 Stab: Sleeping          |     1 |       |       ||     1
       Invisible         |       |       |     3 ||     3
Armor: Robe              |     8 |     4 |       ||    12
Dodge: Dodged            |    15 |    12 |     3 ||    30
